Login

Hartford Wolf Pack vs Charlotte Checkers

Created - 29 March 2024 at 23:11

Goals
1 2 3 T
Hartford Wolf Pack 3 0 1 4
Charlotte Checkers 3 1 1 5
Shots
1 2 3 T
Hartford Wolf Pack 9 10 4 23
Charlotte Checkers 9 10 8 27

GoalsPenalties
1st period
1. Charlotte Checkers , Aleksi Heponiemi 7 (Lucas Carlsson 3) at 10:44 (PP)
2. Hartford Wolf Pack , Anton Blidh 13 (Bobby Trivigno 10, Ryan Jones 3) at 11:22
3. Charlotte Checkers , Jonah Gadjovich 10 (Aleksi Heponiemi 8, Joona Luoto 7) at 11:34
4. Hartford Wolf Pack , Lauri Pajuniemi 2 (Braden Schneider 9, Riley Nash 11) at 12:46 (PP)
5. Hartford Wolf Pack , Anton Blidh 14 (Connor Mackey 4) at 13:14
6. Charlotte Checkers , Lucas Carlsson 2 (Zac Dalpe 15, Jonah Gadjovich 8) at 19:18 (PP)
Ryan Jones (HAR) for Holding (Minor) at 9:18
Jonah Gadjovich (CHA) for Roughing (Minor) at 11:53
Matt Rempe (HAR) for Cross-checking (Minor) at 18:16
2nd period
7. Charlotte Checkers , Rocco Grimaldi 3 (Riley Barber 3, Calle Sjalin 2) at 15:43
No Penalty
3rd period
8. Hartford Wolf Pack , Riley Nash 11 (Braden Schneider 10, Turner Elson 6) at 6:14 (PP)
9. Charlotte Checkers , Logan Hutsko 1 (Rocco Grimaldi 2, William Lockwood 9) at 17:40
Joseph Cramarossa (CHA) for Hooking (Minor) at 0:14
Jonah Gadjovich (CHA) for Hooking (Minor) at 2:10
Jonah Gadjovich (CHA) for Roughing (Minor) at 6:08
Joseph Cramarossa (CHA) for Slashing (Minor) at 18:27
Goalie Stats
Louis Domingue (HAR), 22 saves from 27 shots - (0.815), L, 6-3-0, 60:00 minutes
Spencer Knight (CHA), 19 saves from 23 shots - (0.826), W, 7-2-0, 60:00 minutes
3 StarsOfficial
1 - Anton Blidh (HAR)
2 - Rocco Grimaldi (CHA)
3 - Lucas Carlsson (CHA)
Referees : Wes McCauley and Dan O'Rourke
Linesman : Neil Campbell and Jim Harper
Game Note
15:43 of 2nd period - Charlotte Checkers goal is going for a video replay. After video review, Goal.
Finance
Level 1 -- Attendance: 1733 (86.65%) -- Ticket Income $60,655
Level 2 -- Attendance: 953 (95.30%) -- Ticket Income $14,295
Total Attendance: 2686 (89.53%)
Total Ticket Income: $74,950
Other Income: $36,726
Total Income: $111,676



Team Name Goals Shots Shots Attemp Shots Blocked PIM HIT PP PK FO%
Hartford Wolf Pack 42350194132 / 5 (40%)238%
Charlotte Checkers 527681510242 / 2 (100%)262%

Hartford Wolf Pack
Player Name POS G A P +/- PIM HIT SHT SB MP PP MP PP SHT PK MP PK SHT FO% FOT GA TA
Adam EdstromC000001003:340:2700:0000% 000
Adam SykoraRW0001000119:482:3100:0000% 101
Anton BlidhLW2021034220:272:3400:230100% 120
Bobby TrivignoC0111002020:012:3400:00025% 1221
Braden SchneiderD022-1002324:504:2801:0000% 001
Brandon ScanlinD0001000122:281:5801:2800% 000
Connor MackeyD011-1001024:504:2801:0000% 002
Jake LeschyshynC000-2014120:070:0002:05044% 2701
Karl HenrikssonC0000010113:240:2400:00025% 400
Lauri PajuniemiLW101-2012124:523:2812:0510% 101
Mac HollowellD000000005:260:0000:0000% 010
Matt RempeC0000240114:040:0000:00040% 500
Matthew RobertsonD000-1010011:500:0000:0000% 000
Nikolas BrouillardD000-1010214:240:2400:4800% 010
Riley NashRW112-2007423:103:2810:23033% 330
Ryan JonesD0111200218:051:5800:4000% 000
Ryder KorczakC000000000:030:0000:0000% 000
Turner ElsonLW0110001016:073:2800:00050% 602
Charlotte Checkers
Player Name POS G A P +/- PIM HIT SHT SB MP PP MP PP SHT PK MP PK SHT FO% FOT GA TA
Aleksi HeponiemiC1120001117:440:3810:25067% 1510
Alexander TrueC0000011012:160:0000:000100% 100
Austin StrandD0000030123:160:4404:1500% 001
Calle SjalinD0112020114:430:0000:0000% 001
Frederic AllardD000-1010221:561:4402:1100% 000
Jonah GadjovichLW1120625121:331:5002:18075% 821
Joona LuotoLW0110021119:051:5000:4900% 000
Joseph CramarossaC0000431217:570:3800:56050% 221
Justin SourdifC000000000:000:0000:0000% 000
Logan HutskoC101100107:320:0000:0000% 000
Lucas CarlssonD112-1021125:251:4414:1500% 012
Matt KierstedD0000000219:440:4402:1100% 000
Patrick GilesLW000000008:360:0002:2100% 200
Riley BarberLW0111033113:390:0001:04050% 601
Rocco GrimaldiRW1121016013:530:0000:49050% 200
Santtu KinnunenD0002011114:430:0000:0000% 001
William LockwoodRW0110021116:410:3800:0000% 101
Zac DalpeC0110015024:431:5014:06065% 2330

Hartford Wolf Pack

5 vs 5 Forward
Line #Left WingCenterRight WingPHYDFOFWanted %Time %Time Play
1Lauri PajuniemiJake LeschyshynRiley Nash1224036%18:33
2Anton BlidhBobby TrivignoAdam Sykora1223034%17:34
3Turner ElsonKarl HenrikssonMatt Rempe1222025%12:37
4Lauri PajuniemiMatt RempeRiley Nash122105%2:22
5 vs 5 Defense
Line #DefenseDefensePHYDFOFWanted %Time %Time Play
1Braden SchneiderConnor Mackey1224038%19:22
2Brandon ScanlinRyan Jones1223030%15:05
3Matthew RobertsonNikolas Brouillard1222023%11:39
4Mac HollowellBrandon Scanlin1221010%5:00
Power Play Forward
Line #Left WingCenterRight WingPHYDFOFWanted %Time %Time Play
1Lauri PajuniemiTurner ElsonRiley Nash1226060%3:52
2Anton BlidhBobby TrivignoAdam Sykora1224040%2:34
Power Play Defense
Line #DefenseDefensePHYDFOFWanted %Time %Time Play
1Braden SchneiderConnor Mackey1226069%4:28
2Brandon ScanlinRyan Jones1224031%1:58
Penalty Kill 4 Players Forward
Line #CenterWingPHYDFOFWanted %Time %Time Play
1Jake LeschyshynLauri Pajuniemi1226084%2:05
2Riley NashAnton Blidh1224016%0:23
Penalty Kill 4 Players Defense
Line #DefenseDefensePHYDFOFWanted %Time %Time Play
1Connor MackeyBraden Schneider1226041%1:00
2Brandon ScanlinRyan Jones1224059%1:28
Penalty Kill 3 Players
Line #WingPHYDFOFWanted %Time %Time PlayDefenseDefensePHYDFOFWanted %Time %Time Play
1Riley Nash122600%0:00 Nikolas BrouillardMatthew Robertson122600%0:00
2Anton Blidh122400%0:00 Brandon ScanlinRyan Jones122400%0:00
4 vs 4 Forward
Line #CenterWingPHYDFOFWanted %Time %Time Play
1Turner ElsonJake Leschyshyn122600%0:00
2Riley NashAnton Blidh122400%0:00
4 vs 4 Defense
Line #DefensePHYDFOFWanted %Time %Time Play
1Matthew RobertsonNikolas Brouillard122600%0:00
2Brandon ScanlinRyan Jones122400%0:00
Last Minutes Offensive
Left WingCenterRight WingDefenseDefense
Anton BlidhJake LeschyshynRiley NashBraden SchneiderConnor Mackey
Last Minutes Defensive
Left WingCenterRight WingDefenseDefense
Anton BlidhJake LeschyshynRiley NashBraden SchneiderConnor Mackey
Time
Total ForwardTotal DefenseLast Minutes OffensiveLast Minutes Defensive
60:00 60:00 0:000:00
Extra Forwards
Normal PowerPlayPenalty Kill
Adam Edstrom, Turner Elson, Lauri PajuniemiAdam Edstrom, Turner ElsonLauri Pajuniemi
Extra Defensemen
Normal PowerPlayPenalty Kill
Matthew Robertson, Nikolas Brouillard, Brandon ScanlinMatthew Robertson, Nikolas BrouillardBrandon Scanlin
Penalty Shots
Lauri Pajuniemi, Bobby Trivigno, Riley Nash, Anton Blidh, Turner Elson
Goalie
Louis Domingue, Dylan Garand
Custom OT Lines Forwards
Adam Sykora, Jake Leschyshyn, Riley Nash, Anton Blidh, Turner Elson, Lauri Pajuniemi, Bobby Trivigno, Karl Henriksson, Matt Rempe, Adam Edstrom
Custom OT Lines Defensemen
Braden Schneider, Connor Mackey, Brandon Scanlin, Ryan Jones, Matthew Robertson
Scratches
Brett Berard (Healthy), Will Cuylle (Right Hand Injury), Jacob Friend (Healthy), Olivier LeBlanc (Healthy), Olof Lindbom (Healthy)

Charlotte Checkers

5 vs 5 Forward
Line #Left WingCenterRight WingPHYDFOFWanted %Time %Time Play
1Jonah GadjovichAleksi HeponiemiJoona Luoto1223533%16:48
2William LockwoodZac DalpeJoseph Cramarossa1223532%16:09
3Rocco GrimaldiRiley BarberAlexander True1222024%12:16
4Patrick GilesLogan HutskoZac Dalpe1221012%5:53
5 vs 5 Defense
Line #DefenseDefensePHYDFOFWanted %Time %Time Play
1Austin StrandMatt Kiersted1223534%17:25
2Lucas CarlssonFrederic Allard1223535%17:53
3Santtu KinnunenCalle Sjalin1223029%14:56
4Austin StrandLucas Carlsson12202%0:52
Power Play Forward
Line #Left WingCenterRight WingPHYDFOFWanted %Time %Time Play
1Joona LuotoJonah GadjovichZac Dalpe1226074%1:50
2William LockwoodAleksi HeponiemiJoseph Cramarossa1224026%0:38
Power Play Defense
Line #DefenseDefensePHYDFOFWanted %Time %Time Play
1Austin StrandMatt Kiersted1226030%0:44
2Frederic AllardLucas Carlsson1224070%1:44
Penalty Kill 4 Players Forward
Line #CenterWingPHYDFOFWanted %Time %Time Play
1Jonah GadjovichZac Dalpe1226087%5:34
2Joona LuotoRocco Grimaldi1224013%0:49
Penalty Kill 4 Players Defense
Line #DefenseDefensePHYDFOFWanted %Time %Time Play
1Austin StrandLucas Carlsson1226066%4:12
2Matt KierstedFrederic Allard1224034%2:11
Penalty Kill 3 Players
Line #WingPHYDFOFWanted %Time %Time PlayDefenseDefensePHYDFOFWanted %Time %Time Play
1Jonah Gadjovich12260100%0:03 Austin StrandLucas Carlsson12260100%0:03
2Alexander True122400%0:00 Calle SjalinMatt Kiersted122400%0:00
4 vs 4 Forward
Line #CenterWingPHYDFOFWanted %Time %Time Play
1Joona LuotoAleksi Heponiemi122600%0:00
2Zac DalpeRiley Barber122400%0:00
4 vs 4 Defense
Line #DefensePHYDFOFWanted %Time %Time Play
1Matt KierstedAustin Strand122600%0:00
2Santtu KinnunenCalle Sjalin122400%0:00
Last Minutes Offensive
Left WingCenterRight WingDefenseDefense
Joona LuotoJonah GadjovichZac DalpeAustin StrandLucas Carlsson
Last Minutes Defensive
Left WingCenterRight WingDefenseDefense
Joona LuotoJonah GadjovichZac DalpeAustin StrandMatt Kiersted
Time
Total ForwardTotal DefenseLast Minutes OffensiveLast Minutes Defensive
60:00 60:00 0:000:00
Extra Forwards
Normal PowerPlayPenalty Kill
Logan Hutsko, Jonah Gadjovich, Zac DalpeJoona Luoto, Aleksi HeponiemiPatrick Giles
Extra Defensemen
Normal PowerPlayPenalty Kill
Santtu Kinnunen, Austin Strand, Lucas CarlssonMatt Kiersted, Frederic AllardAustin Strand
Penalty Shots
Logan Hutsko, Jonah Gadjovich, Zac Dalpe, Joona Luoto, Aleksi Heponiemi
Goalie
Spencer Knight, Cayden Primeau
Custom OT Lines Forwards
Patrick Giles, Logan Hutsko, Jonah Gadjovich, Zac Dalpe, Joona Luoto, William Lockwood, Aleksi Heponiemi, Joseph Cramarossa, Riley Barber, Rocco Grimaldi
Custom OT Lines Defensemen
Santtu Kinnunen, Austin Strand, Lucas Carlsson, Matt Kiersted, Frederic Allard
Scratches
Josh Davies (Healthy), Casey Fitzgerald (Broken Bone (Right Ankle) Injury), Ryan McAllister (Healthy), Mackie Samoskevich (Healthy), Zach Uens (Healthy) Mack Guzda (Healthy)


Play-by-Play

1st period


0:01 of 1st period - Aleksi Heponiemi wins face-off versus Jake Leschyshyn in neutral zone.
1:22 of 1st period - Austin Strand is hit by Matthew Robertson and loses puck.
2:14 of 1st period - Snap shot by Jonah Gadjovich.
2:14 of 1st period - Shot Misses the Net.
2:52 of 1st period - Mac Hollowell is hit by William Lockwood and loses puck.
3:37 of 1st period - Bobby Trivigno is hit by Zac Dalpe and loses puck.
4:09 of 1st period - Turner Elson is hit by Jonah Gadjovich and loses puck.
5:16 of 1st period - Turner Elson is hit by Rocco Grimaldi and loses puck.
5:27 of 1st period - Snap shot by William Lockwood.
5:27 of 1st period - Shot Misses the Net.
5:29 of 1st period - Slapshot by Calle Sjalin.
5:29 of 1st period - Shot Misses the Net.
5:31 of 1st period - Wrist shot by Logan Hutsko.
5:31 of 1st period - Shot Misses the Net.
5:33 of 1st period - Wrist shot by Joseph Cramarossa.
5:33 of 1st period - Shot Blocked by Anton Blidh.
6:41 of 1st period - Adam Edstrom is hit by Alexander True and loses puck.
7:00 of 1st period - Braden Schneider is hit by Jonah Gadjovich and loses puck.
8:36 of 1st period - Icing by Matt Rempe.
8:37 of 1st period - Riley Barber wins face-off versus Bobby Trivigno in Hartford Wolf Pack zone.
8:44 of 1st period - Slapshot by Riley Barber.
8:44 of 1st period - Stopped by Louis Domingue without a rebound.
8:45 of 1st period - Aleksi Heponiemi wins face-off versus Karl Henriksson in Hartford Wolf Pack zone.
9:18 of 1st period - Minor Penalty to Ryan Jones for Holding.
9:19 of 1st period - Jonah Gadjovich wins face-off versus Jake Leschyshyn in Hartford Wolf Pack zone.
10:09 of 1st period - Slapshot by Lauri Pajuniemi.
10:09 of 1st period - Stopped by Spencer Knight without a rebound.
10:10 of 1st period - Zac Dalpe wins face-off versus Riley Nash in Charlotte Checkers zone.
10:33 of 1st period - Brandon Scanlin is hit by Lucas Carlsson and loses puck.
10:44 of 1st period - Wrist shot by Aleksi Heponiemi.
10:44 of 1st period - Goal by Aleksi Heponiemi - Hartford Wolf Pack : 0 - Charlotte Checkers : 1.
10:45 of 1st period - Zac Dalpe wins face-off versus Bobby Trivigno in neutral zone.
11:16 of 1st period - Slapshot by Anton Blidh.
11:16 of 1st period - Shot Blocked by Frederic Allard.
11:18 of 1st period - Slapshot by Ryan Jones.
11:18 of 1st period - Shot Misses the Net.
11:20 of 1st period - Wrist shot by Bobby Trivigno.
11:20 of 1st period - Shot Misses the Net.
11:22 of 1st period - Backhand shot by Anton Blidh.
11:22 of 1st period - Goal by Anton Blidh - Hartford Wolf Pack : 1 - Charlotte Checkers : 1.
11:23 of 1st period - Aleksi Heponiemi wins face-off versus Jake Leschyshyn in neutral zone.
11:34 of 1st period - Snap shot by Jonah Gadjovich.
11:34 of 1st period - Goal by Jonah Gadjovich - Hartford Wolf Pack : 1 - Charlotte Checkers : 2.
11:35 of 1st period - Jake Leschyshyn wins face-off versus Zac Dalpe in neutral zone.
11:40 of 1st period - Wrist shot by Jake Leschyshyn.
11:40 of 1st period - Stopped by Spencer Knight without a rebound.
11:41 of 1st period - Zac Dalpe wins face-off versus Jake Leschyshyn in Charlotte Checkers zone.
11:48 of 1st period - Slapshot by Jake Leschyshyn.
11:48 of 1st period - Shot Blocked by Matt Kiersted.
11:50 of 1st period - Snap shot by Jake Leschyshyn.
11:50 of 1st period - Stopped by Spencer Knight without a rebound.
11:51 of 1st period - Aleksi Heponiemi wins face-off versus Jake Leschyshyn in Charlotte Checkers zone.
11:53 of 1st period - Minor Penalty to Jonah Gadjovich for Roughing.
11:54 of 1st period - Turner Elson wins face-off versus Zac Dalpe in Charlotte Checkers zone.
12:12 of 1st period - Connor Mackey is hit by Austin Strand and loses puck.
12:19 of 1st period - Patrick Giles is hit by Lauri Pajuniemi and loses puck.
12:42 of 1st period - Wrist shot by Riley Nash.
12:42 of 1st period - Shot Blocked by Austin Strand.
12:44 of 1st period - Slapshot by Braden Schneider.
12:44 of 1st period - Shot Blocked by Lucas Carlsson.
12:46 of 1st period - Wrist shot by Lauri Pajuniemi.
12:46 of 1st period - Goal by Lauri Pajuniemi - Hartford Wolf Pack : 2 - Charlotte Checkers : 2.
12:47 of 1st period - Aleksi Heponiemi wins face-off versus Bobby Trivigno in neutral zone.
12:58 of 1st period - Snap shot by Anton Blidh.
12:58 of 1st period - Stopped by Spencer Knight without a rebound.
12:59 of 1st period - Aleksi Heponiemi wins face-off versus Adam Sykora in Charlotte Checkers zone.
13:12 of 1st period - Snap shot by Anton Blidh.
13:12 of 1st period - Shot Misses the Net.
13:14 of 1st period - Wrist shot by Anton Blidh.
13:14 of 1st period - Goal by Anton Blidh - Hartford Wolf Pack : 3 - Charlotte Checkers : 2.
13:15 of 1st period - Zac Dalpe wins face-off versus Riley Nash in neutral zone.
13:20 of 1st period - Backhand shot by William Lockwood.
13:20 of 1st period - Stopped by Louis Domingue without a rebound.
13:21 of 1st period - Zac Dalpe wins face-off versus Jake Leschyshyn in Hartford Wolf Pack zone.
14:26 of 1st period - Jake Leschyshyn is hit by Calle Sjalin and loses puck.
14:31 of 1st period - Wrist shot by Zac Dalpe.
14:31 of 1st period - Stopped by Louis Domingue with a rebound.
15:17 of 1st period - William Lockwood is hit by Anton Blidh and loses puck.
15:36 of 1st period - Backhand shot by Zac Dalpe.
15:36 of 1st period - Stopped by Louis Domingue with a rebound.
15:38 of 1st period - Snap shot by Zac Dalpe.
15:38 of 1st period - Shot Blocked by Matt Rempe.
15:40 of 1st period - Snap shot by Zac Dalpe.
15:40 of 1st period - Shot Blocked by Karl Henriksson.
15:42 of 1st period - Wrist shot by William Lockwood.
15:42 of 1st period - Deflect By Joseph Cramarossa.
15:42 of 1st period - Stopped by Louis Domingue with a rebound.
15:44 of 1st period - Backhand shot by Matt Kiersted.
15:44 of 1st period - Deflect By Zac Dalpe.
15:44 of 1st period - Deflect By Matt Rempe.
15:44 of 1st period - Shot Misses the Net.
15:44 of 1st period - Puck is out of play.
15:45 of 1st period - Jake Leschyshyn wins face-off versus Aleksi Heponiemi in Hartford Wolf Pack zone.
15:56 of 1st period - Wrist shot by Riley Nash.
15:56 of 1st period - Stopped by Spencer Knight with a rebound.
16:33 of 1st period - Snap shot by Turner Elson.
16:33 of 1st period - Shot Misses the Net.
16:48 of 1st period - Icing by Calle Sjalin.
16:49 of 1st period - Jake Leschyshyn wins face-off versus Rocco Grimaldi in Charlotte Checkers zone.
16:50 of 1st period - Wrist shot by Riley Nash.
16:50 of 1st period - Stopped by Spencer Knight without a rebound.
16:51 of 1st period - Jake Leschyshyn wins face-off versus Riley Barber in Charlotte Checkers zone.
17:16 of 1st period - Bobby Trivigno is hit by William Lockwood and loses puck.
17:36 of 1st period - Braden Schneider is hit by Austin Strand and loses puck.
18:05 of 1st period - Snap shot by Lauri Pajuniemi.
18:05 of 1st period - Shot Misses the Net.
18:07 of 1st period - Slapshot by Matt Rempe.
18:07 of 1st period - Shot Blocked by Matt Kiersted.
18:09 of 1st period - Slapshot by Connor Mackey.
18:09 of 1st period - Shot Misses the Net.
18:16 of 1st period - Minor Penalty to Matt Rempe for Cross-checking.
18:17 of 1st period - Jake Leschyshyn wins face-off versus Jonah Gadjovich in Hartford Wolf Pack zone.
18:25 of 1st period - Snap shot by Zac Dalpe.
18:25 of 1st period - Stopped by Louis Domingue without a rebound.
18:26 of 1st period - Jonah Gadjovich wins face-off versus Jake Leschyshyn in Hartford Wolf Pack zone.
18:53 of 1st period - Wrist shot by Lauri Pajuniemi.
18:53 of 1st period - Shot Misses the Net.
18:56 of 1st period - Icing by Joona Luoto.
18:57 of 1st period - Jonah Gadjovich wins face-off versus Jake Leschyshyn in Charlotte Checkers zone.
19:08 of 1st period - Wrist shot by Zac Dalpe.
19:08 of 1st period - Shot Misses the Net.
19:10 of 1st period - Slapshot by Lucas Carlsson.
19:10 of 1st period - Shot Blocked by Braden Schneider.
19:12 of 1st period - Slapshot by Zac Dalpe.
19:12 of 1st period - Shot Blocked by Jake Leschyshyn.
19:14 of 1st period - Wrist shot by Jonah Gadjovich.
19:14 of 1st period - Shot Blocked by Braden Schneider.
19:16 of 1st period - Snap shot by Zac Dalpe.
19:16 of 1st period - Shot Misses the Net.
19:18 of 1st period - Slapshot by Lucas Carlsson.
19:18 of 1st period - Goal by Lucas Carlsson - Hartford Wolf Pack : 3 - Charlotte Checkers : 3.
19:19 of 1st period - Riley Barber wins face-off versus Bobby Trivigno in neutral zone.
19:34 of 1st period - Snap shot by Rocco Grimaldi.
19:34 of 1st period - Shot Misses the Net.
Goals for this period are 3 for Hartford Wolf Pack vs 3 for Charlotte Checkers.
Shots for this period are 9 for Hartford Wolf Pack vs 9 for Charlotte Checkers.

2nd period


0:01 of 2nd period - Jake Leschyshyn wins face-off versus Joseph Cramarossa in neutral zone.
0:12 of 2nd period - Wrist shot by Riley Nash.
0:12 of 2nd period - Stopped by Spencer Knight without a rebound.
0:13 of 2nd period - Zac Dalpe wins face-off versus Jake Leschyshyn in Charlotte Checkers zone.
0:20 of 2nd period - Wrist shot by Riley Nash.
0:20 of 2nd period - Deflect By Lauri Pajuniemi.
0:20 of 2nd period - Shot Misses the Net.
0:20 of 2nd period - Puck is out of play.
0:21 of 2nd period - Jake Leschyshyn wins face-off versus Zac Dalpe in Charlotte Checkers zone.
0:24 of 2nd period - Slapshot by Riley Nash.
0:24 of 2nd period - Shot Blocked by Joseph Cramarossa.
0:26 of 2nd period - Slapshot by Braden Schneider.
0:26 of 2nd period - Stopped by Spencer Knight with a rebound.
0:28 of 2nd period - Slapshot by Riley Nash.
0:28 of 2nd period - Stopped by Spencer Knight with a rebound.
0:30 of 2nd period - Wrist shot by Riley Nash.
0:30 of 2nd period - Shot Blocked by William Lockwood.
0:32 of 2nd period - Wrist shot by Riley Nash.
0:32 of 2nd period - Shot Misses the Net.
0:34 of 2nd period - Snap shot by Lauri Pajuniemi.
0:34 of 2nd period - Shot Blocked by Joseph Cramarossa.
0:56 of 2nd period - Wrist shot by Anton Blidh.
0:56 of 2nd period - Deflect By Bobby Trivigno.
0:56 of 2nd period - Stopped by Spencer Knight without a rebound.
0:57 of 2nd period - Jake Leschyshyn wins face-off versus Zac Dalpe in Charlotte Checkers zone.
1:12 of 2nd period - Wrist shot by Zac Dalpe.
1:12 of 2nd period - Shot Misses the Net.
1:22 of 2nd period - Joona Luoto is hit by Matt Rempe and loses puck.
4:57 of 2nd period - Snap shot by Rocco Grimaldi.
4:57 of 2nd period - Shot Misses the Net.
5:59 of 2nd period - Bobby Trivigno is hit by Joona Luoto.
6:49 of 2nd period - Bobby Trivigno is hit by Joseph Cramarossa and loses puck.
7:00 of 2nd period - Brandon Scanlin is hit by Riley Barber and loses puck.
7:21 of 2nd period - Connor Mackey is hit by Joseph Cramarossa.
7:47 of 2nd period - Austin Strand is hit by Adam Edstrom and loses puck.
9:51 of 2nd period - Icing by Jake Leschyshyn.
9:52 of 2nd period - Zac Dalpe wins face-off versus Jake Leschyshyn in Hartford Wolf Pack zone.
10:22 of 2nd period - Off-side.
10:23 of 2nd period - Rocco Grimaldi wins face-off versus Karl Henriksson in neutral zone.
10:26 of 2nd period - Slapshot by Austin Strand.
10:26 of 2nd period - Shot Misses the Net.
10:48 of 2nd period - Lauri Pajuniemi is hit by Joseph Cramarossa and loses puck.
10:53 of 2nd period - Slapshot by Zac Dalpe.
10:53 of 2nd period - Stopped by Louis Domingue without a rebound.
10:54 of 2nd period - Bobby Trivigno wins face-off versus Zac Dalpe in Hartford Wolf Pack zone.
11:19 of 2nd period - Riley Nash is hit by Santtu Kinnunen and loses puck.
11:24 of 2nd period - Snap shot by Aleksi Heponiemi.
11:24 of 2nd period - Shot Misses the Net.
11:26 of 2nd period - Slapshot by Aleksi Heponiemi.
11:26 of 2nd period - Shot Blocked by Lauri Pajuniemi.
11:28 of 2nd period - Wrist shot by Joona Luoto.
11:28 of 2nd period - Stopped by Louis Domingue without a rebound.
11:29 of 2nd period - Aleksi Heponiemi wins face-off versus Bobby Trivigno in Hartford Wolf Pack zone.
12:18 of 2nd period - Snap shot by Rocco Grimaldi.
12:18 of 2nd period - Stopped by Louis Domingue with a rebound.
12:20 of 2nd period - Slapshot by Rocco Grimaldi.
12:20 of 2nd period - Shot Blocked by Ryan Jones.
12:44 of 2nd period - Snap shot by Jonah Gadjovich.
12:44 of 2nd period - Stopped by Louis Domingue without a rebound.
12:45 of 2nd period - Riley Nash wins face-off versus Zac Dalpe in Hartford Wolf Pack zone.
13:10 of 2nd period - Jonah Gadjovich is hit by Anton Blidh and loses puck.
13:19 of 2nd period - Snap shot by Austin Strand.
13:19 of 2nd period - Deflect By Jonah Gadjovich.
13:19 of 2nd period - Stopped by Louis Domingue with a rebound.
13:21 of 2nd period - Wrist shot by Jonah Gadjovich.
13:21 of 2nd period - Stopped by Louis Domingue with a rebound.
13:31 of 2nd period - Anton Blidh is hit by Riley Barber and loses puck.
13:38 of 2nd period - Snap shot by Rocco Grimaldi.
13:38 of 2nd period - Stopped by Louis Domingue without a rebound.
13:39 of 2nd period - Jake Leschyshyn wins face-off versus Zac Dalpe in Hartford Wolf Pack zone.
13:39 of 2nd period - Jake Leschyshyn is hit by Austin Strand.
13:47 of 2nd period - Wrist shot by Jake Leschyshyn.
13:47 of 2nd period - Stopped by Spencer Knight with a rebound.
14:13 of 2nd period - Snap shot by Connor Mackey.
14:13 of 2nd period - Stopped by Spencer Knight with a rebound.
14:15 of 2nd period - Slapshot by Braden Schneider.
14:15 of 2nd period - Shot Blocked by Joona Luoto.
15:29 of 2nd period - Wrist shot by Rocco Grimaldi.
15:29 of 2nd period - Stopped by Louis Domingue without a rebound.
15:30 of 2nd period - Riley Barber wins face-off versus Bobby Trivigno in Hartford Wolf Pack zone.
15:31 of 2nd period - Wrist shot by Rocco Grimaldi.
15:31 of 2nd period - Shot Misses the Net.
15:33 of 2nd period - Slapshot by Calle Sjalin.
15:33 of 2nd period - Shot Blocked by Anton Blidh.
15:35 of 2nd period - Slapshot by Rocco Grimaldi.
15:35 of 2nd period - Shot Misses the Net.
15:39 of 2nd period - Wrist shot by Rocco Grimaldi.
15:39 of 2nd period - Shot Blocked by Adam Sykora.
15:43 of 2nd period - Slapshot by Rocco Grimaldi.
15:43 of 2nd period - Charlotte Checkers goal is going for a video replay.
15:43 of 2nd period - The goal is good.
15:43 of 2nd period - Goal by Rocco Grimaldi - Hartford Wolf Pack : 3 - Charlotte Checkers : 4.
15:44 of 2nd period - Jake Leschyshyn wins face-off versus Zac Dalpe in neutral zone.
15:57 of 2nd period - Slapshot by Riley Nash.
15:57 of 2nd period - Shot Misses the Net.
15:59 of 2nd period - Slapshot by Brandon Scanlin.
15:59 of 2nd period - Shot Blocked by Calle Sjalin.
16:09 of 2nd period - Santtu Kinnunen is hit by Anton Blidh and loses puck.
16:14 of 2nd period - Wrist shot by Anton Blidh.
16:14 of 2nd period - Stopped by Spencer Knight without a rebound.
16:15 of 2nd period - Matt Rempe wins face-off versus Aleksi Heponiemi in Charlotte Checkers zone.
16:20 of 2nd period - Snap shot by Riley Nash.
16:20 of 2nd period - Stopped by Spencer Knight without a rebound.
16:21 of 2nd period - Aleksi Heponiemi wins face-off versus Matt Rempe in Charlotte Checkers zone.
16:55 of 2nd period - Off-side.
16:56 of 2nd period - Aleksi Heponiemi wins face-off versus Jake Leschyshyn in neutral zone.
17:08 of 2nd period - Wrist shot by Jonah Gadjovich.
17:08 of 2nd period - Shot Blocked by Riley Nash.
17:10 of 2nd period - Snap shot by Joona Luoto.
17:10 of 2nd period - Deflect By Jonah Gadjovich.
17:10 of 2nd period - Shot Misses the Net.
17:10 of 2nd period - Puck is out of play.
17:11 of 2nd period - Zac Dalpe wins face-off versus Matt Rempe in Hartford Wolf Pack zone.
17:16 of 2nd period - Slapshot by Zac Dalpe.
17:16 of 2nd period - Stopped by Louis Domingue with a rebound.
17:36 of 2nd period - Adam Sykora is hit by Calle Sjalin and loses puck.
17:55 of 2nd period - Slapshot by Bobby Trivigno.
17:55 of 2nd period - Stopped by Spencer Knight without a rebound.
17:56 of 2nd period - Karl Henriksson wins face-off versus Riley Barber in Charlotte Checkers zone.
17:59 of 2nd period - Snap shot by Turner Elson.
17:59 of 2nd period - Stopped by Spencer Knight without a rebound.
18:00 of 2nd period - Zac Dalpe wins face-off versus Karl Henriksson in Charlotte Checkers zone.
18:00 of 2nd period - Zac Dalpe is hit by Matt Rempe.
18:33 of 2nd period - Snap shot by Matt Kiersted.
18:33 of 2nd period - Shot Blocked by Brandon Scanlin.
18:35 of 2nd period - Slapshot by Austin Strand.
18:35 of 2nd period - Shot Blocked by Ryan Jones.
19:31 of 2nd period - Lauri Pajuniemi is hit by Frederic Allard and loses puck.
Goals for this period are 0 for Hartford Wolf Pack vs 1 for Charlotte Checkers.
Shots for this period are 10 for Hartford Wolf Pack vs 10 for Charlotte Checkers.

3rd period


0:01 of 3rd period - Jake Leschyshyn wins face-off versus William Lockwood in neutral zone.
0:04 of 3rd period - Joseph Cramarossa is hit by Jake Leschyshyn and loses puck.
0:14 of 3rd period - Minor Penalty to Joseph Cramarossa for Hooking.
0:15 of 3rd period - Jonah Gadjovich wins face-off versus Turner Elson in Charlotte Checkers zone.
0:57 of 3rd period - Backhand shot by Braden Schneider.
0:57 of 3rd period - Shot Blocked by Frederic Allard.
1:53 of 3rd period - Adam Sykora is hit by Lucas Carlsson and loses puck.
2:10 of 3rd period - Minor Penalty to Jonah Gadjovich for Hooking.
2:11 of 3rd period - Turner Elson wins face-off versus Patrick Giles in Charlotte Checkers zone.
2:14 of 3rd period - Penalty to Joseph Cramarossa is over, Joseph Cramarossa is back on ice.
4:10 of 3rd period - Penalty to Jonah Gadjovich is over, Jonah Gadjovich is back on ice.
4:31 of 3rd period - Icing by Austin Strand.
4:32 of 3rd period - Joseph Cramarossa wins face-off versus Jake Leschyshyn in Charlotte Checkers zone.
5:13 of 3rd period - Wrist shot by Zac Dalpe.
5:13 of 3rd period - Shot Blocked by Riley Nash.
5:27 of 3rd period - Wrist shot by Rocco Grimaldi.
5:27 of 3rd period - Shot Blocked by Riley Nash.
5:35 of 3rd period - Slapshot by Jake Leschyshyn.
5:35 of 3rd period - Stopped by Spencer Knight without a rebound.
5:36 of 3rd period - Zac Dalpe wins face-off versus Bobby Trivigno in Charlotte Checkers zone.
5:43 of 3rd period - Snap shot by Zac Dalpe.
5:43 of 3rd period - Shot Misses the Net.
5:59 of 3rd period - Jonah Gadjovich is hit by Karl Henriksson and loses puck.
6:04 of 3rd period - Slapshot by Braden Schneider.
6:04 of 3rd period - Deflect By Turner Elson.
6:04 of 3rd period - Shot Blocked by Santtu Kinnunen.
6:04 of 3rd period - Puck is out of play.
6:05 of 3rd period - Bobby Trivigno wins face-off versus Aleksi Heponiemi in Charlotte Checkers zone.
6:06 of 3rd period - Slapshot by Braden Schneider.
6:06 of 3rd period - Stopped by Spencer Knight with a rebound.
6:08 of 3rd period - Minor Penalty to Jonah Gadjovich for Roughing.
6:09 of 3rd period - Turner Elson wins face-off versus Patrick Giles in Charlotte Checkers zone.
6:12 of 3rd period - Wrist shot by Riley Nash.
6:12 of 3rd period - Shot Misses the Net.
6:14 of 3rd period - Snap shot by Riley Nash.
6:14 of 3rd period - Goal by Riley Nash - Hartford Wolf Pack : 4 - Charlotte Checkers : 4.
6:15 of 3rd period - Zac Dalpe wins face-off versus Jake Leschyshyn in neutral zone.
6:40 of 3rd period - Braden Schneider is hit by Joona Luoto and loses puck.
6:45 of 3rd period - Wrist shot by Aleksi Heponiemi.
6:45 of 3rd period - Shot Misses the Net.
6:47 of 3rd period - Snap shot by Jonah Gadjovich.
6:47 of 3rd period - Stopped by Louis Domingue without a rebound.
6:48 of 3rd period - Jake Leschyshyn wins face-off versus Aleksi Heponiemi in Hartford Wolf Pack zone.
6:59 of 3rd period - Snap shot by Riley Nash.
6:59 of 3rd period - Deflect By Jake Leschyshyn.
6:59 of 3rd period - Shot Blocked by Aleksi Heponiemi.
6:59 of 3rd period - Puck is out of play.
7:00 of 3rd period - Zac Dalpe wins face-off versus Jake Leschyshyn in Charlotte Checkers zone.
7:25 of 3rd period - Wrist shot by Rocco Grimaldi.
7:25 of 3rd period - Stopped by Louis Domingue with a rebound.
7:27 of 3rd period - Snap shot by Riley Barber.
7:27 of 3rd period - Stopped by Louis Domingue with a rebound.
7:29 of 3rd period - Wrist shot by Rocco Grimaldi.
7:29 of 3rd period - Shot Blocked by Braden Schneider.
7:31 of 3rd period - Wrist shot by Alexander True.
7:31 of 3rd period - Shot Blocked by Riley Nash.
7:33 of 3rd period - Wrist shot by Alexander True.
7:33 of 3rd period - Stopped by Louis Domingue without a rebound.
7:34 of 3rd period - Zac Dalpe wins face-off versus Bobby Trivigno in Hartford Wolf Pack zone.
7:59 of 3rd period - William Lockwood is hit by Matt Rempe and loses puck.
8:25 of 3rd period - Aleksi Heponiemi is hit by Nikolas Brouillard and loses puck.
8:48 of 3rd period - Wrist shot by Rocco Grimaldi.
8:48 of 3rd period - Shot Blocked by Nikolas Brouillard.
12:19 of 3rd period - Matthew Robertson is hit by Riley Barber and loses puck.
13:34 of 3rd period - Wrist shot by Rocco Grimaldi.
13:34 of 3rd period - Stopped by Louis Domingue without a rebound.
13:35 of 3rd period - Anton Blidh wins face-off versus Riley Barber in Hartford Wolf Pack zone.
13:40 of 3rd period - Wrist shot by Riley Barber.
13:40 of 3rd period - Stopped by Louis Domingue with a rebound.
13:42 of 3rd period - Slapshot by Santtu Kinnunen.
13:42 of 3rd period - Stopped by Louis Domingue without a rebound.
13:43 of 3rd period - Aleksi Heponiemi wins face-off versus Matt Rempe in Hartford Wolf Pack zone.
13:50 of 3rd period - Wrist shot by Jonah Gadjovich.
13:50 of 3rd period - Shot Misses the Net.
14:15 of 3rd period - Snap shot by Zac Dalpe.
14:15 of 3rd period - Shot Misses the Net.
14:17 of 3rd period - Slapshot by Santtu Kinnunen.
14:17 of 3rd period - Shot Misses the Net.
14:27 of 3rd period - Wrist shot by Riley Nash.
14:27 of 3rd period - Stopped by Spencer Knight with a rebound.
14:29 of 3rd period - Slapshot by Connor Mackey.
14:29 of 3rd period - Deflect By Jake Leschyshyn.
14:29 of 3rd period - Shot Blocked by Riley Barber.
14:29 of 3rd period - Puck is out of play.
14:30 of 3rd period - Alexander True wins face-off versus Jake Leschyshyn in Charlotte Checkers zone.
14:39 of 3rd period - Slapshot by Lucas Carlsson.
14:39 of 3rd period - Shot Blocked by Nikolas Brouillard.
16:39 of 3rd period - Joseph Cramarossa is hit by Matt Rempe and loses puck.
17:38 of 3rd period - Backhand shot by Rocco Grimaldi.
17:38 of 3rd period - Shot Misses the Net.
17:40 of 3rd period - Snap shot by Logan Hutsko.
17:40 of 3rd period - Goal by Logan Hutsko - Hartford Wolf Pack : 4 - Charlotte Checkers : 5.
17:41 of 3rd period - Matt Rempe wins face-off versus Aleksi Heponiemi in neutral zone.
17:46 of 3rd period - Slapshot by Braden Schneider.
17:46 of 3rd period - Shot Misses the Net.
18:16 of 3rd period - Icing by Frederic Allard.
18:17 of 3rd period - Zac Dalpe wins face-off versus Lauri Pajuniemi in Charlotte Checkers zone.
18:27 of 3rd period - Minor Penalty to Joseph Cramarossa for Slashing.
18:28 of 3rd period - Jonah Gadjovich wins face-off versus Turner Elson in Charlotte Checkers zone.
18:54 of 3rd period - Snap shot by Bobby Trivigno.
18:54 of 3rd period - Deflect By Austin Strand.
18:54 of 3rd period - Shot Blocked by Jonah Gadjovich.
18:54 of 3rd period - Puck is out of play.
18:55 of 3rd period - Peter Laviolette call a timeout for Hartford Wolf Pack.
18:55 of 3rd period - Bobby Trivigno wins face-off versus Jonah Gadjovich in Charlotte Checkers zone.
19:05 of 3rd period - Off-side.
19:06 of 3rd period - Jonah Gadjovich wins face-off versus Turner Elson in neutral zone.
19:17 of 3rd period - Snap shot by Jonah Gadjovich.
19:17 of 3rd period - Shot Misses the Net.
19:47 of 3rd period - Icing by Connor Mackey.
19:48 of 3rd period - Zac Dalpe wins face-off versus Bobby Trivigno in Hartford Wolf Pack zone.
Goals for this period are 1 for Hartford Wolf Pack vs 1 for Charlotte Checkers.
Shots for this period are 4 for Hartford Wolf Pack vs 8 for Charlotte Checkers.